 Dungeon Crawl Stone Soup version 0.28-a0-655-g4eb62b627b (webtiles) character file.

Game seed: 9347722460121950440

3474 Zenkrye the Destroyer (level 10, 0/56 HPs)
             Began as a Tengu Conjurer on Oct 12, 2021.
             Was an Initiate of Gozag.
             Slain by a hound (2 damage)
             ... on level 8 of the Dungeon.
             The game lasted 00:27:39 (11616 turns).

Zenkrye the Destroyer (Tengu Conjurer)             Turns: 11616, Time: 00:27:39

Health: 0/56       AC:  3    Str:  7    XL:     10   Next: 6%
Magic:  6/18       EV: 16    Int: 22    God:    Gozag
Gold:   883        SH:  0    Dex: 13    Spells: 5/19 levels left

rFire   . . .      SeeInvis .   e - +0 spear (flame)
rCold   . . .      Faith    .   (no shield)
rNeg    . . .      Spirit   .   a - +1 robe
rPois   .          Reflect  .   (helmet restricted)
rElec   .          Harm     .   (no cloak)
rCorr   .          Rampage  .   (no gloves)
Will    .....                   (boots unavailable)
Stlth   ++........              (no amulet)
HPRegen 0.18/turn               w - ring of wizardry
MPRegen 0.16/turn               (no ring)

@: flying quickly and evasively, quick
A: beak, talons 3, nimble flight
a: Renounce Religion, Potion Petition, Call Merchant, Bribe Branch


You were on level 8 of the Dungeon.
You worshipped Gozag.
Gozag was pleased with you.
You visited 1 branch of the dungeon, and saw 8 of its levels.

You collected 924 gold pieces.
You paid 41 gold pieces to Gozag.

Inventory:

Hand Weapons
 e - a +0 spear of flaming (weapon)
 g - a +2 dagger of distortion
Armour
 a - a +1 robe (worn)
 m - a +0 buckler
Jewellery
 c - a ring of protection from cold
 w - a ring of wizardry (left hand)
Wands
 l - a wand of iceblast (6) {@v4}
 p - a wand of polymorph (3)
Scrolls
 f - 2 scrolls of enchant armour
 i - 7 scrolls of identify {@r1}
 k - a scroll of fog
Potions
 d - 2 potions of cancellation
 h - a potion of haste {@q3}
 j - a potion of might {unknown}
 n - a potion of flight {unknown}
 o - 4 potions of curing {@q1}


   Skills:
 + Level 3.8 Fighting
 + Level 5.0 Dodging
 - Level 3.0 Stealth
 - Level 5.0 Shields
 - Level 5.0 Spellcasting
 + Level 11.2 Conjurations
 - Level 2.0 Hexes
 - Level 3.0 Translocations
 + Level 3.3 Earth Magic


You had 5 spell levels left.
You knew the following spells:

 Your Spells              Type           Power      Damage    Failure   Level
a - Magic Dart            Conj           100%       1d8       1%          1
b - Searing Ray           Conj           100%       2d8       1%          2
c - Fulminant Prism       Conj/Hex       17%        3d11      2%          4
d - Stone Arrow           Conj/Erth      74%        3d11      1%          3
q - Iskenderun's Mystic   Conj/Tloc      36%        2d9       2%          4

Your spell library contained the following spells:

 Spells                   Type           Power      Damage    Failure   Level
 Dazzling Flash           Conj/Hex       68%        N/A       1%          3
 Iskenderun's Battlesphe  Conj           53%        2d10      1%          5
 Animate Armour           Summ/Erth      24%        N/A       21%         4
 Iron Shot                Conj/Erth      18%        9d4       28%         6
 Spellforged Servitor     Conj/Summ      15%        N/A       96%         7
 Lehudib's Crystal Spear  Conj/Erth      18%        10d6      100%        8


Dungeon Overview and Level Annotations

Branches:
Dungeon (8/15)             Temple (0/1) D:5            Lair (0/6) D:8

Altars:
Ashenzari
Cheibriados
Fedhas
Gozag
Kikubaaqudgha
Makhleb
Okawaru
Sif Muna
Vehumet
Yredelemnul

Annotations:
D:4 Duvessa
D:7 3 runed translucent doors, AttackTheMoon's ghost, novice MfGl
D:8 Maggie; Psyche


Innate Abilities, Weirdness & Mutations

You have a beak for a mouth.
You have claws for feet.
Your magical nature lets you fly swiftly and evasively.


Message History

* * * LOW HITPOINT WARNING * * *
The bolt of electricity hits the white imp!
The white imp picks up a beetle and eats it.
The white imp gestures at you. The puff of frost hits you!
* * * LOW HITPOINT WARNING * * *
You feel better.
Your surroundings suddenly seem different. 2 howler monkeys come into view.
The howler monkey howls!
You hear a howl!
A howler monkey comes into view.
You hear a shout!
You hear an angry hiss.
A hound comes into view.
The howler monkey hoots and howls with incredible vigour!
You hear a shout!
Psyche the Insane Magess comes into view.
She is wielding a +2 dagger of chaos.
Unknown command.
Unknown command.
Found an agate ring and a moonstone ring.
The hound bites you.
* * * LOW HITPOINT WARNING * * *
The hound bites you.
* * * LOW HITPOINT WARNING * * *
Your magical contamination has completely faded away.
The hound bites you but does no damage. The hound misses you.
The howler monkey hoots and howls with incredible vigour!
The hound bites you.
* * * LOW HITPOINT WARNING * * *
You hear a bellow! x2; You hear a bark!
Something shouts, "Remove thy stench, thou goatish fool-headed mammet!"
You hear a horrible gurgling sound!
You hear a shout! x2
The howler monkey hoots and howls with incredible vigour!
You hear a howl!
A water moccasin comes into view.
As you read the scroll labelled UVULEYDIUJ, it crumbles to dust.
The scroll dissolves into smoke.
It was a scroll of fog.
The hound misses you. The hound bites you.
You die...
Your body crumbles into a pile of gold.

$ #####
#####...##########
#...#.#.hh@§§.....
#...@h.§###§###.##
...#...#######§##
..........h.h.@..#
##...#.########S.#
#.. #. ..# ... #.
..# =. =. $ ... #
..


You could see a howler monkey and a hound.

Vanquished Creatures
  A wyvern (D:7)
  3 yaks
  A hornet zombie (D:7)
  An ice beast (D:5)
  A sky beast (D:5)
  4 black bears
  5 ogres
  2 wolves (D:8)
  A centaur (D:5)
  5 scorpions
  A water moccasin zombie (D:7)
  Dowan (D:4)
  A water moccasin skeleton (D:4)
  7 wights (D:7)
  2 bullfrog zombies
  2 centaur zombies (D:7)
  3 hounds
  A jelly (D:7)
  2 centaur skeletons
  A bullfrog skeleton (D:7)
  An orc priest (D:4)
  Natasha (thrice) (D:2)
  Terence (D:3)
  3 iguanas
  3 orc wizards
  A killer bee zombie (D:7)
  3 howler monkey zombies (D:7)
  A howler monkey skeleton (D:7)
  9 adders
  A river rat (D:5)
  2 shadow imps
  2 white imps
  2 ufetubi
  3 worms
  2 dart slugs
  11 orcs
  11 endoplasms
  5 giant cockroaches
  5 goblins
  5 hobgoblins
  2 jackals (D:1)
  6 quokkas
  9 ball pythons
  7 bats
  5 frilled lizards
  9 kobolds
  A quokka skeleton (D:4)
  8 rats
166 creatures vanquished.

Vanquished Creatures (others)
  33 fulminant prisms
  9 fungi (D:6)
  12 plants (D:7)
54 creatures vanquished.

Grand Total: 220 creatures vanquished

Notes
Turn   | Place    | Note
-------+----------+-------------------------------------------
     0 | D:1      | Zenkrye the Tengu Conjurer began the quest for the Orb.
     0 | D:1      | Reached XP level 1. HP: 10/10 MP: 4/4
   106 | D:1      | Reached XP level 2. HP: 15/15 MP: 3/6
   140 | D:1      | Learned a level 2 spell: Searing Ray
   543 | D:1      | Reached XP level 3. HP: 16/19 MP: 1/7
   607 | D:1      | Found a faded altar of an unknown god.
   660 | D:1      | You fall into a shaft and drop 1 floor!
  1679 | D:2      | Reached skill level 6 in Conjurations
  1679 | D:2      | Reached XP level 4. HP: 24/24 MP: 4/9
  1923 | D:2      | Learned a level 4 spell: Iskenderun's Mystic Blast
  2030 | D:2      | Noticed Natasha
  2035 | D:2      | Killed Natasha
  2277 | D:3      | Noticed Terence
  2481 | D:3      | Reached skill level 1 in Translocations
  2770 | D:3      | Found an opulent altar of Gozag.
  2771 | D:3      | Found an opulent altar of Gozag.
  2783 | D:3      | Found an opulent altar of Gozag.
  2786 | D:3      | Became a worshipper of Gozag Ym Sagoz the Greedy
  2792 | D:3      | Found an opulent altar of Gozag.
  2843 | D:3      | Gained mutation: Your magical nature lets you fly swiftly
                  | and evasively. [Tengu growth]
  2843 | D:3      | Reached XP level 5. HP: 25/28 MP: 4/10
  3281 | D:2      | Noticed Natasha
  3285 | D:2      | Killed Natasha
  3398 | D:2      | Noticed Natasha
  3403 | D:2      | Killed Natasha
  3404 | D:2      | Reached skill level 7 in Conjurations
  3857 | D:4      | Reached XP level 6. HP: 23/32 MP: 2/11
  4289 | D:4      | Found an iron altar of Okawaru.
  4294 | D:4      | Noticed Duvessa
  4710 | D:3      | Identified a scroll of acquirement
  4710 | D:3      | Acquired a book of Armaments
  4719 | D:3      | Learned a level 4 spell: Fulminant Prism
  5201 | D:4      | You are sucked into a shaft and drop 1 floor!
  5201 | D:5      | Entered Level 5 of the Dungeon
  5205 | D:5      | Noticed a black bear
  5240 | D:5      | Found a radiant altar of Vehumet.
  5441 | D:5      | Reached skill level 8 in Conjurations
  5441 | D:5      | Reached XP level 7. HP: 36/36 MP: 4/12
  5501 | D:5      | Found a staircase to the Ecumenical Temple.
  5577 | D:5      | Reached skill level 1 in Hexes
  5906 | D:5      | Reached skill level 9 in Conjurations
  6143 | D:5      | Reached XP level 8. HP: 21/41 MP: 6/15
  6147 | D:5      | Learned a level 3 spell: Stone Arrow
  6294 | D:5      | Found an ancient bone altar of Kikubaaqudgha.
  6674 | D:5      | Found a burning altar of Makhleb.
  6674 | D:5      | Noticed a green death
  7104 | D:4      | Noticed Dowan
  7117 | D:4      | Killed Dowan
  7246 | D:6      | Reached skill level 1 in Shields
  7246 | D:6      | Reached skill level 1 in Earth Magic
  7315 | D:6      | Found a blossoming altar of Fedhas.
  7457 | D:6      | Found a broken altar of Ashenzari.
  7677 | D:6      | Reached skill level 5 in Spellcasting
  7825 | D:6      | Reached skill level 10 in Conjurations
  8330 | D:6      | Reached XP level 9. HP: 46/46 MP: 12/17
  8621 | D:6      | Reached skill level 1 in Fighting
  8822 | D:3      | Killed Terence
  8984 | D:7      | Noticed AttackTheMoon's ghost (novice MfGl)
  9539 | D:7      | Found a basalt altar of Yredelemnul.
  9840 | D:7      | Found a runed translucent gate.
  9840 | D:7      | Found a runed translucent gate.
  9841 | D:7      | Found a runed translucent gate.
 10599 | D:7      | Found a shimmering blue altar of Sif Muna.
 10944 | D:7      | Found a snail-covered altar of Cheibriados.
 10972 | D:7      | Identified the +0 ring mail of the Hanged Man {Str+4 Dex-5}
 11161 | D:8      | Noticed a troll
 11216 | D:8      | Reached skill level 11 in Conjurations
 11229 | D:7      | Reached XP level 10. HP: 32/56 MP: 0/18
 11390 | D:8      | Reached skill level 5 in Shields
 11409 | D:8      | Reached skill level 5 in Dodging
 11598 | D:8      | Found a staircase to the Lair.
 11598 | D:8      | Noticed Maggie
 11600 | D:8      | HP: 1/56 [white imp/puff of frost (9)]
 11606 | D:8      | Noticed Psyche
 11612 | D:8      | HP: 1/56 [hound (4)]
 11616 | D:8      | Slain by a hound

Illustrated notes

Levels and vault maps discovered:
D:1:      evilmike_arrival_hilbert_curve, layout_loops_cross,
          dreamdust_ecumenical_altar_grove
D:2:      layout_basic, hangedman_decor_slide_cut, uniq_natasha
D:3:      layout_basic, nicolae_gozag_conspicuous_consumption, uniq_terence
D:4:      layout_basic, okawaru_ov_weapons_minmay, uniq_duvessa
D:5:      layout_loops_ring, mainiacjoe_overflow_catwalk,
          makhleb_altar_promises_db, vehumet_crystals,
          minmay_temple_entry_trees, portal_sewer_entry_c, grunt_decor_fettered
D:6:      layout_loops_corners, mainiacjoe_overflow_alcove_4,
          evilmike_ruin_ashenzari, corexii_leaking_fountain, grunt_ministairs_7
D:7:      layout_basic, cheibrodos_worm_habitat, led_sif_pool,
          nicolae_yredelemnul_corpse_copse, gammafunk_ghost_split,
          serial_bayou_crossing
D:8:      layout_loops_ring, kennysheep_little_box, kennysheep_mini_moat,
          erik_lair_island, uniq_psyche, uniq_gastronok, uniq_maggie

Skill      XL: |  1  2  3  4  5  6  7  8  9 10 |
---------------+-------------------------------+-----
Stealth        | 3 |  3.0
Spellcasting   | 3 4 5 |  5.0
Conjurations   | 6 7 8 9 10 11 | 11.2
Translocations | 1 2 3 |  3.0
Hexes          | 2 |  2.0
Shields        | 3 4 5 |  5.0
Earth Magic    | 2 3 |  3.3
Fighting       | 3 |  3.8
Dodging        | 4 5 |  5.0

Action                   |  1- 3 |  4- 6 |  7- 9 | 10-12 || total
-------------------------+-------+-------+-------+-------++-------
Melee: Spear             |    84 |    96 |    94 |    15 ||   289
       Kick              |     7 |    12 |    16 |     4 ||    39
       Peck              |     3 |     9 |     9 |     1 ||    22
 Cast: Magic Dart        |    34 |    26 |    30 |       ||    90
       Searing Ray       |     3 |    15 |    29 |       ||    47
       Iskenderun's Myst |       |     1 |    17 |     1 ||    19
       Stone Arrow       |       |       |    14 |       ||    14
       Fulminant Prism   |       |       |    30 |     3 ||    33
Evoke: Wand              |       |       |     3 |       ||     3
  Use: Scroll            |     3 |     4 |       |     3 ||    10
       Potion            |       |       |       |     2 ||     2
 Stab: Sleeping          |    12 |     7 |     3 |       ||    22
       Distracted        |       |     1 |       |     1 ||     2
Armor: Robe              |     7 |    20 |    20 |     5 ||    52
Dodge: Dodged            |    42 |    72 |   101 |    20 ||   235

Table legend: (Time is in decaauts)
 A = Elapsed time spent in this place.
 B = Non-inter-level travel time spent in this place.
 C = Inter-level travel time spent in this place.
 D = Time resting spent in this place.
 E = Time spent auto-exploring this place.
 F = Levels seen in this place.
 G = Mean time per level.
                   A        B        C        D        E       F      G
               +--------+--------+--------+--------+--------+-----+--------+
         Total |  11278 |  10774 |    504 |   1010 |   8085 |   8 | 1409.8 |
       Dungeon |  11278 |  10774 |    504 |   1010 |   8085 |   8 | 1409.8 |
               +--------+--------+--------+--------+--------+-----+--------+

Top non-repeatable levels by time:
     D:7: 1869 daAuts
     D:6: 1798 daAuts
     D:5: 1664 daAuts
     D:2: 1478 daAuts
     D:4: 1420 daAuts
     D:3: 1415 daAuts
     D:1: 1253 daAuts
     D:8: 377 daAuts
